| TOP OF THE 1ST |
|
Bluff City Beasties batting - Pitching for Savannah Swamp Foxes : LHP C J Nitkowski
|
|
Pitching: LHP C J Nitkowski
|
|
|
Batting: RHB Pat Watkins
|
0-0: Foul Ball, location: 2F 0-1: Ground out 4-3 (Groundball, 4, EV 89.4 MPH)
|
|
Batting: LHB Jeff Treadway
|
0-0: SINGLE (Line Drive, 34D, EV 97.5 MPH)
|
|
Batting: RHB Jeff Manto
|
0-0: Ball 1-0: Called Strike 1-1: Foul Ball, location: 2F 1-2: Ball 2-2: Ball 3-2: Foul Ball, location: 2F 3-2: SINGLE (Flyball, 89M, EV 90.6 MPH) Jeff Treadway to second Jeff Treadway to third
|
|
Batting: LHB Phil Plantier
|
0-0: Ball 1-0: Called Strike 1-1: Swinging Strike 1-2: Strikes out looking
|
|
Batting: LHB Paul Sorrento
|
0-0: Called Strike 0-1: Called Strike 0-2: Ball 1-2: Foul Ball, location: 2F 1-2: Fly out, F9 (Flyball, 9LM, EV 107.5 MPH)
|
| Top of the 1st over - 0 runs, 2 hits, 0 errors, 2 left on base; Bluff City 0 - Savannah 0 |
| BOTTOM OF THE 1ST |
|
Savannah Swamp Foxes batting - Pitching for Bluff City Beasties : RHP Steve W Sparks
|
|
Pitching: RHP Steve W Sparks
|
|
|
Batting: LHB Tony Longmire
|
0-0: Ball 1-0: Swinging Strike 1-1: Ball 2-1: Ground out 3-1 (Groundball, 34, EV 82.5 MPH)
|
|
Batting: LHB Jacob Cruz
|
0-0: Ball 1-0: Fly out, F8 (Flyball, 8LM, EV 96.3 MPH)
|
|
Batting: LHB Jon Zuber
|
0-0: Ball 1-0: Fly out, F6 (Popup, 6MS, EV 61.3 MPH)
|
| Bottom of the 1st over - 0 runs, 0 hits, 0 errors, 0 left on base; Bluff City 0 - Savannah 0 |
| TOP OF THE 2ND |
|
Bluff City Beasties batting - Pitching for Savannah Swamp Foxes : LHP C J Nitkowski
|
|
Batting: SHB Felix Jose
|
0-0: Called Strike 0-1: Ball 1-1: Ground out 6-3 (Groundball, 6, EV 88.8 MPH)
|
|
Batting: RHB Roberto Kelly
|
0-0: Called Strike 0-1: Called Strike 0-2: Strikes out swinging
|
|
Batting: RHB Walt McKeel
|
0-0: Ball 1-0: Fly out, F9 (Flyball, 89S, EV 91.9 MPH)
|
| Top of the 2nd over - 0 runs, 0 hits, 0 errors, 0 left on base; Bluff City 0 - Savannah 0 |
| BOTTOM OF THE 2ND |
|
Savannah Swamp Foxes batting - Pitching for Bluff City Beasties : RHP Steve W Sparks
|
|
Batting: RHB Jimmy Hurst
|
0-0: Fly out, F9 (Flyball, 89S, EV 95.0 MPH)
|
|
Batting: LHB Jack Howell
|
0-0: Called Strike 0-1: Fly out, F7 (Line Drive, 7D, EV 101.9 MPH)
|
|
Batting: RHB Izzy Molina
|
0-0: Ball 1-0: Called Strike 1-1: Foul Ball, location: 2F 1-2: Ball 2-2: Ball 3-2: Fly out, F3 (Line Drive, 3, EV 57.5 MPH)
|
| Bottom of the 2nd over - 0 runs, 0 hits, 0 errors, 0 left on base; Bluff City 0 - Savannah 0 |
| TOP OF THE 3RD |
|
Bluff City Beasties batting - Pitching for Savannah Swamp Foxes : LHP C J Nitkowski
|
|
Batting: RHB Tom Evans
|
0-0: Called Strike 0-1: Swinging Strike 0-2: Ball 1-2: Strikes out swinging
|
|
Batting: RHB Pat Watkins
|
0-0: Swinging Strike 0-1: Called Strike 0-2: Ball 1-2: Ball 2-2: Foul Ball, location: 2F 2-2: Strikes out swinging
|
|
Batting: LHB Jeff Treadway
|
0-0: Called Strike 0-1: Foul Ball, location: 2F 0-2: Ball 1-2: Ball 2-2: Ball 3-2: Foul Ball, location: 2F 3-2: Foul Ball, location: 2F 3-2: Base on Balls
|
|
Batting: RHB Jeff Manto
|
0-0: Ball 1-0: Called Strike 1-1: 2-RUN HOME RUN (Flyball, 78XD, EV 91.3 MPH), Distance : 457 ft
|
|
Batting: LHB Phil Plantier
|
0-0: Ball 1-0: Ball 2-0: Called Strike 2-1: Ground out U3 (Groundball, 34, EV 86.9 MPH)
|
| Top of the 3rd over - 2 runs, 1 hit, 0 errors, 0 left on base; Bluff City 2 - Savannah 0 |
| BOTTOM OF THE 3RD |
|
Savannah Swamp Foxes batting - Pitching for Bluff City Beasties : RHP Steve W Sparks
|
|
Batting: SHB Jason Hardtke
|
0-0: Called Strike 0-1: Called Strike 0-2: Ball 1-2: Strikes out swinging
|
|
Batting: LHB Koji Goto
|
0-0: Ball 1-0: Foul Ball, location: 2F 1-1: Fly out, F6 (Popup, P, EV 85.0 MPH)
|
|
Batting: RHB Masahiro Kawai
|
0-0: Swinging Strike 0-1: Ball 1-1: Foul Ball, location: 2F 1-2: Ball 2-2: Ball 3-2: Foul Ball, location: 2F 3-2: Ground out 5-3 (Groundball, 56, EV 83.8 MPH)
|
| Bottom of the 3rd over - 0 runs, 0 hits, 0 errors, 0 left on base; Bluff City 2 - Savannah 0 |
| TOP OF THE 4TH |
|
Bluff City Beasties batting - Pitching for Savannah Swamp Foxes : LHP C J Nitkowski
|
|
Batting: LHB Paul Sorrento
|
0-0: Foul Ball, location: 2F 0-1: Ball 1-1: SINGLE (Line Drive, 56D, EV 96.9 MPH)
|
|
Batting: SHB Felix Jose
|
0-0: Ball 1-0: Called Strike 1-1: DOUBLE (Flyball, 7LD, EV 110.6 MPH) Paul Sorrento to third
|
|
Batting: RHB Roberto Kelly
|
0-0: Ball 1-0: Called Strike 1-1: Foul Ball, location: 2F 1-2: Ball 2-2: SINGLE (Line Drive, 7LM, EV 101.3 MPH) Paul Sorrento scores Felix Jose to third Runner from 3rd tries for Home, SAFE, throw by LF to home
|
|
Batting: RHB Walt McKeel
|
0-0: Called Strike 0-1: Ball Wild Pitch! Roberto Kelly to second 1-1: Ground out 2-3 (Groundball, 13S, EV 69.4 MPH) Roberto Kelly to third
|
|
Batting: RHB Tom Evans
|
0-0: Foul Ball, location: 2F 0-1: Ball 1-1: SINGLE (Groundball, 6MD, EV 98.8 MPH) Roberto Kelly scores
|
|
Pitching: LHP Dave Fleming
|
|
|
Batting: RHB Pat Watkins
|
0-0: SINGLE (Line Drive, 9S, EV 90.6 MPH) Tom Evans to second
|
|
Batting: LHB Jeff Treadway
|
0-0: Called Strike 0-1: Ball 1-1: SINGLE (Groundball, 4MD, EV 103.1 MPH) Tom Evans to third Pat Watkins to second
|
|
Batting: RHB Jeff Manto
|
0-0: Ball 1-0: Fly out, F8 (Line Drive, 8RM, EV 92.5 MPH) Runner from 3rd tags up, SCORES, no throw by CF
|
|
Batting: LHB Phil Plantier
|
0-0: DOUBLE (Groundball, 3L, EV 106.3 MPH) Pat Watkins scores Jeff Treadway to third Runner from 3rd tries for Home, SAFE, throw by RF to trailing runner, SAFE at third!
|
|
Batting: LHB Paul Sorrento
|
0-0: Foul Ball, location: 2F 0-1: Foul Ball, location: 2F 0-2: Ball 1-2: Foul Ball, location: 2F 1-2: Foul Ball, location: 2F 1-2: Foul Ball, location: 2F 1-2: Strikes out swinging
|
| Top of the 4th over - 6 runs, 7 hits, 0 errors, 1 left on base; Bluff City 8 - Savannah 0 |
| BOTTOM OF THE 4TH |
|
Savannah Swamp Foxes batting - Pitching for Bluff City Beasties : RHP Steve W Sparks
|
|
Batting: LHB Tony Longmire
|
0-0: Fly out, F8 (Flyball, 89D, EV 88.8 MPH)
|
|
Batting: LHB Jacob Cruz
|
0-0: Called Strike 0-1: Swinging Strike 0-2: Ball 1-2: Strikes out swinging
|
|
Batting: LHB Jon Zuber
|
0-0: Called Strike 0-1: Ball 1-1: Fly out, F8 (Flyball, 8LS, EV 88.1 MPH)
|
| Bottom of the 4th over - 0 runs, 0 hits, 0 errors, 0 left on base; Bluff City 8 - Savannah 0 |
| TOP OF THE 5TH |
|
Bluff City Beasties batting - Pitching for Savannah Swamp Foxes : LHP Dave Fleming
|
|
Batting: SHB Felix Jose
|
0-0: Called Strike 0-1: Ball 1-1: Called Strike 1-2: Strikes out swinging
|
|
Batting: RHB Roberto Kelly
|
0-0: Foul Ball, location: 2F 0-1: Foul Ball, location: 2F 0-2: Ground out 6-3 (Groundball, 6, EV 90.0 MPH)
|
|
Batting: RHB Walt McKeel
|
0-0: Foul Ball, location: 2F 0-1: Ball 1-1: Ball 2-1: Ball 3-1: Swinging Strike 3-2: Ground out 5-3 (Groundball, 56S, EV 65.6 MPH)
|
| Top of the 5th over - 0 runs, 0 hits, 0 errors, 0 left on base; Bluff City 8 - Savannah 0 |
| BOTTOM OF THE 5TH |
|
Savannah Swamp Foxes batting - Pitching for Bluff City Beasties : RHP Steve W Sparks
|
|
Batting: RHB Jimmy Hurst
|
0-0: Fly out, F7 (Flyball, 7, EV 86.3 MPH)
|
|
Batting: LHB Jack Howell
|
0-0: Fly out, F6 (Popup, 6, EV 51.3 MPH)
|
|
Batting: RHB Izzy Molina
|
0-0: Ball 1-0: Ball 2-0: Fly out, F7 (Flyball, 7D, EV 89.4 MPH)
|
| Bottom of the 5th over - 0 runs, 0 hits, 0 errors, 0 left on base; Bluff City 8 - Savannah 0 |
| TOP OF THE 6TH |
|
Bluff City Beasties batting - Pitching for Savannah Swamp Foxes : LHP Dave Fleming
|
|
Batting: RHB Tom Evans
|
0-0: Ball 1-0: DOUBLE (Line Drive, 78M, EV 92.5 MPH)
|
|
Batting: RHB Pat Watkins
|
0-0: Swinging Strike 0-1: Foul Ball, location: 2F 0-2: Foul Ball, location: 2F 0-2: Ball 1-2: Ball 2-2: Ball 3-2: Base on Balls
|
|
Batting: LHB Jeff Treadway
|
0-0: Swinging Strike 0-1: SINGLE (Flyball, 78S, EV 92.5 MPH) Tom Evans to third Pat Watkins to second
|
|
Batting: RHB Jeff Manto
|
0-0: Called Strike 0-1: Foul Ball, location: 2F 0-2: Strikes out swinging
|
|
Batting: LHB Phil Plantier
|
0-0: Foul Ball, location: 2F 0-1: Ball 1-1: Ball 2-1: Ball 3-1: Called Strike 3-2: Foul Ball, location: 2F 3-2: Foul Ball, location: 2F 3-2: Foul Ball, location: 2F 3-2: Fly out, F8 (Flyball, 8RS, EV 83.8 MPH)
|
|
Batting: LHB Paul Sorrento
|
0-0: Ball 1-0: Ball 2-0: Ball 3-0: Base on Balls Tom Evans scores Pat Watkins to third Jeff Treadway to second
|
|
Batting: SHB Felix Jose
|
0-0: Ball 1-0: Called Strike 1-1: Ball 2-1: Ball 3-1: Swinging Strike 3-2: Base on Balls Pat Watkins scores Jeff Treadway to third Paul Sorrento to second
|
|
Batting: RHB Roberto Kelly
|
0-0: Called Strike 0-1: Called Strike 0-2: Ball 1-2: Ball 2-2: Foul Ball, location: 2F 2-2: Ball 3-2: Base on Balls Jeff Treadway scores Paul Sorrento to third Felix Jose to second
|
|
Batting: RHB Walt McKeel
|
0-0: Called Strike 0-1: Foul Ball, location: 2F 0-2: Fly out, F9 (Flyball, 89M, EV 93.8 MPH)
|
| Top of the 6th over - 3 runs, 2 hits, 0 errors, 3 left on base; Bluff City 11 - Savannah 0 |
| BOTTOM OF THE 6TH |
|
Savannah Swamp Foxes batting - Pitching for Bluff City Beasties : RHP Steve W Sparks
|
|
Batting: SHB Jason Hardtke
|
0-0: Ball 1-0: Ball 2-0: Fly out, F8 (Flyball, 8LXD, EV 98.8 MPH)
|
|
Batting: LHB Koji Goto
|
0-0: Called Strike 0-1: Ball 1-1: Ball 2-1: Called Strike 2-2: Fly out, F9 (Flyball, 9LSF, EV 98.8 MPH)
|
|
Batting: RHB Masahiro Kawai
|
0-0: Ball 1-0: Foul Ball, location: 2F 1-1: Ball 2-1: Ball 3-1: Fly out, F6 (Popup, 6, EV 82.5 MPH)
|
| Bottom of the 6th over - 0 runs, 0 hits, 0 errors, 0 left on base; Bluff City 11 - Savannah 0 |
| TOP OF THE 7TH |
|
Bluff City Beasties batting - Pitching for Savannah Swamp Foxes : LHP Dave Fleming
|
|
Batting: RHB Tom Evans
|
0-0: Ball 1-0: SINGLE (Line Drive, 8LS, EV 96.9 MPH)
|
|
Pitching: RHP Johnny Ruffin
|
|
|
Batting: RHB Pat Watkins
|
0-0: Called Strike 0-1: Foul Ball, location: 2F 0-2: Strikes out looking
|
|
Batting: LHB Jeff Treadway
|
0-0: Called Strike 0-1: Ground out 4-3 (Groundball, 4, EV 85.6 MPH) Tom Evans to second
|
|
Batting: RHB Jeff Manto
|
0-0: Fly out, F7 (Flyball, 7S, EV 78.8 MPH)
|
| Top of the 7th over - 0 runs, 1 hit, 0 errors, 1 left on base; Bluff City 11 - Savannah 0 |
| BOTTOM OF THE 7TH |
|
Savannah Swamp Foxes batting - Pitching for Bluff City Beasties : RHP Steve W Sparks
|
|
Batting: LHB Tony Longmire
|
0-0: Fly out, F7 (Flyball, 7, EV 86.9 MPH)
|
|
Batting: LHB Jacob Cruz
|
0-0: Ball 1-0: Swinging Strike 1-1: Foul Ball, location: 2F 1-2: Hit by Pitch
|
|
Batting: LHB Jon Zuber
|
0-0: Ball 1-0: Fielders Choice at 2nd, 1-6 (Groundball, P, EV 89.4 MPH)
|
|
Batting: RHB Jimmy Hurst
|
0-0: Ball 1-0: Fly out, F7 (Flyball, 7LMF, EV 96.3 MPH)
|
| Bottom of the 7th over - 0 runs, 0 hits, 0 errors, 1 left on base; Bluff City 11 - Savannah 0 |
| TOP OF THE 8TH |
|
Bluff City Beasties batting - Pitching for Savannah Swamp Foxes : RHP Johnny Ruffin
|
|
Batting: LHB Phil Plantier
|
0-0: Ball 1-0: Fly out, F6 (Popup, 4MD, EV 47.5 MPH)
|
|
Batting: LHB Paul Sorrento
|
0-0: Ball 1-0: Ball 2-0: SOLO HOME RUN (Flyball, 9D, EV 94.4 MPH), Distance : 407 ft
|
|
Batting: SHB Felix Jose
|
0-0: Called Strike 0-1: SINGLE (Line Drive, 8LS, EV 97.5 MPH)
|
|
Batting: RHB Roberto Kelly
|
0-0: Ball 1-0: Ball 2-0: SINGLE (Groundball, 6MD, EV 96.9 MPH) Felix Jose to second
|
|
Batting: RHB Walt McKeel
|
0-0: Ball 1-0: Called Strike 1-1: Foul Ball, location: 2F 1-2: SINGLE (Groundball, 56D, EV 95.6 MPH) Felix Jose to third Roberto Kelly to second Runner from 3rd tries for Home, SAFE, throw by LF to home
|
|
Batting: RHB Tom Evans
|
0-0: Foul Ball, location: 2F 0-1: Ball 1-1: Called Strike 1-2: Foul Ball, location: 2F 1-2: Fly out, F4 (Flyball, 4D, EV 96.9 MPH)
|
|
Batting: RHB Pat Watkins
|
0-0: Foul Ball, location: 2F 0-1: Called Strike 0-2: Ball 1-2: Foul Ball, location: 2F 1-2: Ball 2-2: Foul Ball, location: 2F 2-2: Foul Ball, location: 2F 2-2: Foul Ball, location: 2F 2-2: Fly out, F4 (Popup, 34, EV 63.1 MPH)
|
| Top of the 8th over - 2 runs, 4 hits, 0 errors, 2 left on base; Bluff City 13 - Savannah 0 |
| BOTTOM OF THE 8TH |
|
Savannah Swamp Foxes batting - Pitching for Bluff City Beasties : RHP Steve W Sparks
|
|
Batting: LHB Jack Howell
|
0-0: Called Strike 0-1: Fly out, F7 (Flyball, 7D, EV 84.4 MPH)
|
|
Batting: RHB Izzy Molina
|
0-0: SINGLE (Groundball, 56D, EV 105.6 MPH)
|
|
Batting: SHB Jason Hardtke
|
0-0: Ball 1-0: Called Strike 1-1: Grounds into double play, 4-6-3 (Groundball, 4, EV 103.1 MPH)
|
| Bottom of the 8th over - 0 runs, 1 hit, 0 errors, 0 left on base; Bluff City 13 - Savannah 0 |
| TOP OF THE 9TH |
|
Bluff City Beasties batting - Pitching for Savannah Swamp Foxes : RHP Johnny Ruffin
|
|
Pitching: RHP Antonio Osuna
|
|
|
Batting: LHB Jeff Treadway
|
0-0: Swinging Strike 0-1: Ball 1-1: Foul Ball, location: 2F 1-2: Foul Ball, location: 2F 1-2: Strikes out swinging
|
|
Batting: RHB Jeff Manto
|
0-0: Ball 1-0: Ball 2-0: Foul Ball, location: 2F 2-1: Fly out, F7 (Flyball, 7LS, EV 75.0 MPH)
|
|
Batting: LHB Phil Plantier
|
0-0: Ground out 1-3 (Groundball, 34S, EV 70.6 MPH)
|
| Top of the 9th over - 0 runs, 0 hits, 0 errors, 0 left on base; Bluff City 13 - Savannah 0 |
| BOTTOM OF THE 9TH |
|
Savannah Swamp Foxes batting - Pitching for Bluff City Beasties : RHP Steve W Sparks
|
|
Batting: LHB Koji Goto
|
0-0: Called Strike 0-1: Called Strike 0-2: Ball 1-2: Fly out, F7 (Line Drive, 7D, EV 93.1 MPH)
|
|
Batting: RHB Masahiro Kawai
|
0-0: Called Strike 0-1: Ground out 6-3 (Groundball, 6, EV 85.0 MPH)
|
|
Batting: LHB Tony Longmire
|
0-0: Foul Ball, location: 2F 0-1: Ball 1-1: Foul Ball, location: 2F 1-2: Ball 2-2: Foul Ball, location: 2F 2-2: Ball 3-2: SINGLE (Line Drive, 7, EV 95.0 MPH)
|
|
Batting: LHB Jacob Cruz
|
0-0: Foul Ball, location: 2F 0-1: Foul Ball, location: 2F 0-2: Ball 1-2: Ball 2-2: Foul Ball, location: 2F 2-2: Foul Ball, location: 2F 2-2: Fly out, F6 (Popup, 6M, EV 56.3 MPH)
|
| Bottom of the 9th over - 0 runs, 1 hit, 0 errors, 1 left on base; Bluff City 13 - Savannah 0 |
|